 Dungeon Crawl Stone Soup version 0.23-a0-681-g26ad783 (webtiles) character file.

2164 MalarOregon the Chiller (level 9, 0/97 HPs)
             Began as a Merfolk Ice Elementalist on Jan 10, 2019.
             Slain by Psyche
             ... wielding a +3 dagger of distortion
              (12 damage)
             ... on level 8 of the Dungeon.
             The game lasted 00:23:41 (7653 turns).

MalarOregon the Chiller (Merfolk Ice Elementalist)  Turns: 7653, Time: 00:23:42

Health: 0/97       AC: 24    Str:  8    XL:     9   Next: 32%
Magic:  0/15       EV:  2    Int: 17    God:
Gold:   227        SH:  0    Dex: 15    Spells: 5/16 levels left

rFire    + + +     SeeInvis .   o - +7 great mace "Firestarter" {inner flame, rF++}
rCold    . . .     Gourm    .   (shield currently unavailable)
rNeg     + + +     Faith    .   (armour currently unavailable)
rPois    +         Spirit   .   (helmet currently unavailable)
rElec    .         Reflect  .   (cloak currently unavailable)
rCorr    .         Harm     .   (gloves currently unavailable)
MR       .....     NoTele   +   (boots currently unavailable)
Stlth    ++........             (no amulet)
HPRegen  0.26/turn              i - ring of protection from fire
MPRegen  0.14/turn              (no ring)

@: tree-form
A: (change form in water), (swift swim), (stealthy swim)
a: no special abilities


You were on level 8 of the Dungeon.
You were not hungry.
You were a tree.
You visited 1 branch of the dungeon, and saw 8 of its levels.

You collected 227 gold pieces.

Inventory:

Hand Weapons
 o - the +7 great mace "Firestarter" (weapon) {inner flame, rF++}
   (You found it on level 5 of the Dungeon)

   It has been specially enchanted to burn those struck by it, causing extra
   injury to most foes and up to half again as much damage against particularly
   susceptible opponents.
   It greatly protects you from fire.
Missiles
 f - 162 stones
 z - 3 tomahawks (quivered)
Armour
 a - a +0 robe (melded)
 l - a +1 cloak (melded)
   (You found it on level 1 of the Dungeon)
 q - a +0 helmet (melded)
   (You found it on level 5 of the Dungeon)
 y - a +1 pair of boots (melded)
   (You found it on level 6 of the Dungeon)
Jewellery
 i - a ring of protection from fire (left branch)
   (You found it on level 4 of the Dungeon)
 t - an uncursed ring of protection from fire
   (You found it on level 8 of the Dungeon)
 A - an uncursed ring of stealth {unknown}
   (You found it on level 7 of the Dungeon)
Wands
 u - a wand of paralysis (7)
   (You found it on level 6 of the Dungeon)
Scrolls
 b - 3 scrolls of identify {@r1}
 c - 2 scrolls of magic mapping
 g - 7 scrolls of remove curse {@r2}
 h - 3 scrolls of amnesia
 k - a scroll of fear
 w - a scroll of fog
 x - 2 scrolls of teleportation {@r4}
Potions
 d - a potion of brilliance {unknown}
 j - 2 potions of curing {@q1}
 m - 3 potions of degeneration {unknown}
 p - a potion of flight
 r - a potion of resistance
 s - a potion of mutation {!q}
 v - a potion of agility {unknown}
Comestibles
 e - 9 rations {!d}


   Skills:
 + Level 4.3 Fighting
 * Level 3.4 Maces & Flails
   Level 2.4 Polearms
 * Level 5.3 Throwing
 - Level 3.6 Dodging
 - Level 2.1 Stealth
 + Level 4.2 Spellcasting
   Level 0.7 Conjurations
 + Level 3.7 Hexes
 - Level 4.0 Summonings
 + Level 5.7 Ice Magic


You had 5 spell levels left.
You knew the following spells:

 Your Spells              Type           Power        Failure   Level  Hunger
a - Freeze                Ice            ###.         1%          1    None
b - Tukima's Dance        Hex            ###.....     10%         3    ###....
c - Confuse               Hex            ###.....     10%         3    ###....
d - Summon Ice Beast      Ice/Summ       ###.....     21%         4    ####...

Your spell library contained the following spells:

 Spells                   Type           Power        Failure   Level  Hunger
 Corona                   Hex            ###....      3%          1    None
 Ensorcelled Hibernation  Hex/Ice        ###...       3%          2    ##.....
 Call Imp                 Summ           ###.....     4%          2    ##.....
 Slow                     Hex            ###.....     4%          2    ##.....
 Throw Frost              Conj/Ice       ##....       6%          2    ##.....
 Magic Dart               Conj           #...         12%         1    None
 Ozocubu's Armour         Chrm/Ice       ##......     14%         3    ###....
 Dazzling Spray           Conj/Hex       ##....       19%         3    ###....
 Blink                    Tloc           N/A          24%         2    ##.....
 Conjure Flame            Conj/Fire      #.......     38%         3    ###....
 Mephitic Cloud           Conj/Pois/Air  #.......     38%         3    ###....
 Throw Icicle             Conj/Ice       ##......     38%         4    ####...


Dungeon Overview and Level Annotations

Branches:
Dungeon (8/15)             Temple (0/1) D:7
   Lair: D:8-11

Altars:
Cheibriados
Fedhas
Makhleb
Okawaru
Qazlal
Ru
Yredelemnul

Annotations:
D:3 Grinder
D:8 Psyche


Message History

The phantom hits you but does no damage.
The worker ant bites you but does no damage.
Aim: a worker ant (moderately wounded)
You freeze the worker ant.
You kill the worker ant!
The phantom hits you but does no damage.
Put on which piece of jewellery? (? for menu, Esc to quit)
Okay, then.
You sock the phantom! You burn the phantom.
The phantom is filled with an inner flame.
The phantom hits you.
* * * LOW HITPOINT WARNING * * *
The phantom hits you but does no damage.
You hit the phantom. You burn the phantom.
The phantom blinks!
A puff of flame appears from out of thin air!
Helpless, you fail to dodge the puff of flame.
The orc wizard gestures wildly while chanting.
The orc wizard blinks!
An orc comes into view. It is wielding a +0 falchion.
You don't have enough magic to cast that spell.
Aim: an orc wizard, wielding a +0 dagger and wearing a +0 robe (chance to The +0 dagger dances into the air!
The phantom blinks!
A magic dart appears from out of thin air!
The magic dart hits you!
The phantom blinks!
The orc throws a tomahawk.
The tomahawk hits your +0 dagger.
Something hits you but does no damage.
The phantom's inner flame fades away.
The orc throws a tomahawk.
The tomahawk barely misses your +0 dagger.
The tomahawk barely misses the orc wizard.
The tomahawk hits you but does no damage.
Something hits you but does no damage. Space bends around you.
* * * LOW HITPOINT WARNING * * *
Unknown command.
You miss something. Something hits you but does no damage.
You feel a strange sense of stasis.
The orc throws a tomahawk.
The tomahawk hits your +0 dagger.
The orc wizard barely misses you.
The phantom blinks!
You bludgeon the orc wizard!! You burn the orc wizard.
You kill the orc wizard!
You hear some strange, mumbled words.
A puff of flame appears from out of thin air!
The puff of flame hits you!
The phantom blinks!
The orc throws a tomahawk.
The tomahawk hits you but does no damage.
Something hits you.
* * * LOW HITPOINT WARNING * * *
Space warps horribly around you!
You die...

#.........#.#........#
##....................
#...[............o...#
...........###..(.....
..........####..##....#
......W....##.(.###...#
.....................#
#....!...{[.##.......
.......§♣### ###...#
..§.....## o## .......
. )..#.## ..... #...
#.. #..


You could see a phantom and an orc.

Vanquished Creatures
  An orc warrior (D:6)
  A sky beast (D:7)
  An ogre (D:7)
  A necrophage (D:6)
  2 bullfrogs (D:7)
  A howler monkey (D:4)
  A bullfrog zombie (D:7)
  3 crimson imps
  2 hounds
  2 orc priests (D:6)
  2 bullfrog skeletons
  2 jellies
  5 orc wizards
  Terence (D:2)
  Jessica (D:2)
  4 iguanas
  8 worker ants
  A howler monkey skeleton (D:6)
  9 adders
  3 gnolls
  A shadow imp (D:5)
  An adder zombie (D:5)
  2 adder skeletons
  3 worms
  6 dart slugs
  8 leopard geckos
  13 orcs
  2 ball pythons
  7 bats
  8 giant cockroaches
  5 goblins
  7 hobgoblins
  A jackal (D:1)
  3 quokkas
  2 frilled lizards
  8 kobolds
  A leopard gecko zombie (D:7)
  A quokka skeleton (D:7)
  7 rats
137 creatures vanquished.

Vanquished Creatures (collateral kills)
  A two-headed ogre (D:8)
1 creature vanquished.

Vanquished Creatures (others)
  A dancing weapon (D:8)
  An orc warrior (D:8)
  A worker ant (D:8)
  An adder (D:8)
  A quokka (D:3)
5 creatures vanquished.

Grand Total: 143 creatures vanquished

Notes
Turn   | Place    | Note
-------+----------+-------------------------------------------
     0 | D:1      | MalarOregon the Merfolk Ice Elementalist began the quest
                  | for the Orb.
     0 | D:1      | Reached XP level 1. HP: 13/13 MP: 3/3
   235 | D:1      | Reached XP level 2. HP: 16/20 MP: 3/5
   337 | D:1      | Reached skill level 1 in Fighting
   500 | D:1      | Reached XP level 3. HP: 26/26 MP: 1/6
   902 | D:2      | Found a basalt altar of Yredelemnul.
   911 | D:2      | Noticed Jessica
  1001 | D:2      | Killed Jessica
  1001 | D:2      | Reached skill level 1 in Throwing
  1001 | D:2      | Reached XP level 4. HP: 32/32 MP: 4/7
  1019 | D:2      | Noticed Terence
  1028 | D:2      | Killed Terence
  1284 | D:2      | Learned a level 2 spell: Ensorcelled Hibernation
  1289 | D:2      | Learned a level 4 spell: Summon Ice Beast
  1855 | D:2      | Reached XP level 5. HP: 33/38 MP: 3/8
  1865 | D:2      | Reached skill level 1 in Polearms
  2271 | D:3      | Reached skill level 1 in Hexes
  2283 | D:3      | Reached skill level 1 in Summonings
  2468 | D:3      | Found a stormy altar of Qazlal.
  2576 | D:3      | Reached XP level 6. HP: 40/44 MP: 5/10
  2721 | D:3      | Learned a level 3 spell: Confuse
  2726 | D:3      | Noticed Grinder
  2727 | D:3      | Paralysed by Grinder for 5 turns
  2736 | D:3      | Paralysed by Grinder for 3 turns
  2970 | D:3      | Paralysed by Grinder for 2 turns
  3685 | D:4      | Found a snail-covered altar of Cheibriados.
  3789 | D:4      | Found a burning altar of Makhleb.
  3898 | D:5      | Entered Level 5 of the Dungeon
  3902 | D:5      | Found the +7 great mace "Firestarter" {inner flame, rF++}
  4817 | D:4      | Learned a level 3 spell: Tukima's Dance
  4824 | D:4      | Reached XP level 7. HP: 29/51 MP: 7/11
  5212 | D:5      | Found a blossoming altar of Fedhas.
  5608 | D:6      | Reached skill level 1 in Maces & Flails
  5904 | D:6      | Reached XP level 8. HP: 32/57 MP: 11/13
  6123 | D:6      | Found a sacrificial altar of Ru.
  6205 | D:6      | Reached skill level 5 in Ice Magic
  6863 | D:7      | Found a staircase to the Ecumenical Temple.
  6975 | D:7      | Noticed a rust devil
  7015 | D:7      | Found an iron altar of Okawaru.
  7329 | D:7      | Noticed an angel
  7588 | D:8      | Noticed a two-headed ogre
  7597 | D:8      | Killed a two-headed ogre
  7597 | D:8      | Reached skill level 5 in Throwing
  7597 | D:8      | Reached XP level 9. HP: 64/64 MP: 1/15
  7608 | D:8      | Noticed Psyche
  7653 | D:8      | Slain by Psyche

Vault maps used:
D:1:      nzn_arrival_depleted_hourglass, minmay_heptomino_h4
D:2:      minmay_chambers_of_ones, lemuel_doored_altar, uniq_terence,
          uniq_jessica
D:3:      lemuel_round_altar, elyvilon_altar_4, lightli_temple_of_fire,
          first_ration, uniq_grinder
D:4:      kennysheep_slug_shrine, old_standard_altar
D:5:      nicolae_overflow_crystal_walls, hangedman_decor_slide_cut
D:6:      lemuel_crystal_altar
D:7:      temple_garden, basic_altar
D:8:      xom_confusion_cloud, minitemple, old_standard_altar, special_room,
          uniq_psyche, uniq_joseph

Skill      XL: |  1  2  3  4  5  6  7  8 |
---------------+-------------------------+-----
Dodging        | 3 |  3.6
Fighting       | 1 2 3 4 |  4.3
Throwing       | 1 2 3 5 |  5.3
Polearms       | 1 2 |  2.4
Ice Magic      | 4 5 |  5.7
Hexes          | 1 2 3 |  3.7
Summonings     | 1 2 3 4 |  4.0
Spellcasting   | 3 4 |  4.2
Maces & Flails | 1 3 |  3.4
Stealth        | |  2.1
Conjurations   | |  0.7

Action                   |  1- 3 |  4- 6 |  7- 9 || total
-------------------------+-------+-------+-------++-------
Melee: Short sword       |    16 |    26 |       ||    42
       Spear             |       |   129 |       ||   129
       Great mace        |       |    17 |   121 ||   138
Throw: Stone             |    25 |    18 |     5 ||    48
       Tomahawk          |       |       |     5 ||     5
 Cast: Freeze            |    28 |    94 |    14 ||   136
       Ensorcelled Hiber |       |     3 |       ||     3
       Confuse           |       |     3 |     5 ||     8
       Tukima's Dance    |       |     1 |     5 ||     6
       Summon Ice Beast  |       |       |     1 ||     1
Evoke: Wand              |       |       |     1 ||     1
  Use: Scroll            |       |    13 |     4 ||    17
       Potion            |       |       |     2 ||     2
 Stab: Sleeping          |     9 |    14 |     2 ||    25
       Distracted        |       |     1 |     1 ||     2
       Confused          |       |     4 |       ||     4
       Paralysed         |       |       |     2 ||     2
  Eat: Chunk             |     1 |    14 |     8 ||    23
       Ration            |       |       |     1 ||     1
Armor: Robe              |     7 |    38 |    46 ||    91
       Skin              |       |       |    15 ||    15
Dodge: Dodged            |    23 |   147 |   125 ||   295

Table legend:
 A = Non-vault XP
 B = Vault XP
 C = Vault XP percentage of total XP
 D = Non-vault monster count
 E = Vault monster count
 F = Vault count percentage of total count
                 A         B        C        D         E       F
            +---------+---------+-------+---------+---------+-------
      Total |    2938 |     154 |   5.0 |     128 |      10 |   7.2
            +---------+---------+-------+---------+---------+-------
        D:1 |      40 |       4 |   9.1 |      21 |       2 |   8.7
        D:2 |      51 |     146 |  74.1 |      15 |       7 |  31.8
        D:3 |     107 |       0 |   0.0 |      21 |       0 |   0.0
        D:4 |     167 |       4 |   2.3 |       9 |       1 |  10.0
        D:5 |     220 |       0 |   0.0 |      16 |       0 |   0.0
        D:6 |     736 |       0 |   0.0 |      20 |       0 |   0.0
        D:7 |     778 |       0 |   0.0 |      23 |       0 |   0.0
        D:8 |     839 |       0 |   0.0 |       3 |       0 |   0.0
            +---------+---------+-------+---------+---------+-------
